 Dungeon Crawl Stone Soup version 0.14-a0-2888-g61d0ccb (webtiles) character file.

9420 HollowCharge the Conjurer (level 11, -9/64 HPs)
             Began as a Tengu Air Elementalist on Mar 1, 2014.
             Was an Elder of Vehumet.
             Mangled by a spiny frog (12 damage)
             ... on Level 2 of the Lair of Beasts.
             The game lasted 01:43:02 (14482 turns).

HollowCharge the Conjurer (Tengu Air Elementalist) Turns: 14482, Time: 01:43:04

HP  -9/64        AC  7     Str  9      XL: 11   Next: 42%
MP   0/29        EV 13     Int 18      God: Vehumet [****..]
Gold 230         SH  0     Dex 15      Spells:  8 memorised,  3 levels left

rFire  . . .     SeeInvis .     q - +6,+4 quarterstaff (chaos)
rCold  + . .     Clarity  .     t - +3 leather armour {MR+}
rNeg   . . .     Conserve .     (no shield)
rPois  +         rCorr    .     (helmet restricted)
rElec  .         rRot     .     s - +0 cloak
SustAb . .       Spirit   .     (no gloves)
rMut   .         Warding  .     (boots unavailable)
Saprov . . .     Stasis   .     (no amulet)
MR     +....                    x - ring of poison resistance
                                u - ring of protection from cold

@: somewhat resistant to hostile enchantments, fairly stealthy
A: able to fly, beak, talons 3
a: Fly, Renounce Religion


You were on level 2 of the Lair of Beasts.
You worshipped Vehumet.
Vehumet was greatly pleased with you.
You were not hungry.

You visited 3 branches of the dungeon, and saw 11 of its levels.

You collected 411 gold pieces.
You spent 181 gold pieces at shops.

Inventory:

Hand weapons
 q - a +6,+4 quarterstaff of chaos (weapon)
Armour
 s - a +0 cloak (worn)
 t - a +3 leather armour of magic resistance (worn)
Magical devices
 c - a wand of cold (9) {unknown}
 e - a wand of fireball (0)
 f - a wand of disintegration (7)
 h - a wand of random effects (6) {unknown}
 m - a wand of fireball (2)
Comestibles
 a - 2 meat rations
 g - 2 bread rations
 j - 5 chunks of hippogriff flesh
Scrolls
 b - a scroll of magic mapping {unknown}
 k - a scroll of teleportation
 v - a scroll of recharging
 w - 4 scrolls of remove curse
 I - a scroll of vulnerability {unknown}
Jewellery
 o - an uncursed ring of protection from magic
 p - an uncursed amulet of inaccuracy {unknown}
 u - a ring of protection from cold (left hand)
 x - a ring of poison resistance (right hand)
Potions
 d - a potion of invisibility
 i - 6 potions of curing
 l - a potion of speed
 n - a potion of brilliance


   Skills:
 + Level 6.0 Fighting
 - Level 5.2 Dodging
 - Level 2.0 Stealth
 + Level 8.4 Spellcasting
 + Level 11.0 Conjurations
 + Level 7.2 Fire Magic
 - Level 10.5 Air Magic


You had 3 spell levels left.
You knew the following spells:

 Your Spells              Type           Power        Failure   Level  Hunger
a - Shock                 Conj/Air       ####         1%          1    None
b - Swiftness             Chrm/Air       ####....     1%          2    None
c - Repel Missiles        Chrm/Air       ####..       1%          2    None
d - Lightning Bolt        Conj/Air       #####.....   1%          5    ####...
e - Flight                Chrm/Air       ####......   3%          3    #......
f - Sting                 Conj/Pois      ####         1%          1    None
g - Mephitic Cloud        Conj/Pois/Air  ####....     1%          3    #......
h - Bolt of Fire          Conj/Fire      #####.....   11%         6    ######.


Dungeon Overview and Level Annotations

Branches:
Dungeon (8/16)             Temple (1/1) D:5            Lair (2/8) D:8

Altars:
Ashenzari
Cheibriados
Dithmenos
Elyvilon
Fedhas
Kikubaaqudgha
Makhleb
Okawaru
Sif Muna
Trog
Vehumet
Yredelemnul
Zin
The Shining One

Shops:
D:4 *   D:5 *?*[(

Annotations:
D:6 stickyfingers' ghost, experienced FoFi
D:8 Erolcha


Innate Abilities, Weirdness & Mutations

You can fly.
You have a beak for a mouth.
You have claws for feet.


Message History

The spiny frog resists with significant effort.
Zapping:
f - a wand of disintegration {zapped: 5}
Press: ? - help, Shift-Dir - straight line, f/p - spiny frog
Aim: a spiny frog (severely wounded)
The spiny frog resists with significant effort.
An iguana comes into view.
The spiny frog stings you but does no damage.
You see here 25 darts.
Casting: Lightning Bolt
Confirm with . or Enter, or press ? or * to list all spells.
Aiming: Lightning Bolt
Press: ? - help, Shift-Dir - straight line, f/p - spiny frog
Aim: a spiny frog (severely wounded)
You hear a mighty clap of thunder!
The bolt of lightning hits the spiny frog.
The spiny frog is almost dead.
The spiny frog stings you!
* * * LOW HITPOINT WARNING * * *
The spiny frog stings you!
You die...

#.###!......f#
f###..##.P......#
...............#.
.##..##........#
#.#f.#.........#
...............#
###.###..#.....#
# ##F..#####
#@### #.# #.# #..
#.. .... ....
..... ##.


You could see a spiny frog.

Vanquished Creatures
  A death yak (Lair:1)
  2 spiny frogs (Lair:1)
  The ghost of Yuof the Poker, an experienced FoDK of Yredelemnul (D:5)
  Grinder (D:5)
  2 komodo dragons
  Prince Ribbit (D:6)
  2 sharks (Lair:1)
  6 yaks (Lair:1)
  Eustachio (D:6)
  3 hippogriffs
  4 wolves (Lair:2)
  A necrophage (D:5)
  3 sky beasts
  An ogre (D:8)
  2 porcupines (Lair:1)
  A black bear (D:7)
  3 phantoms
  An orc warrior (D:6)
  A giant goldfish (Lair:1)
  An ice beast (D:5)
  A centaur (D:7)
  Sigmund (D:3)
  Duvessa (D:8)
  3 crocodiles
  2 giant slugs (Lair:1)
  11 giant frogs
  3 water moccasins
  A quasit (D:8)
  Dowan (D:8)
  4 crimson imps
  2 goliath beetles (D:7)
  2 jellies
  6 hounds
  A scorpion (D:5)
  Crazy Yiuf (D:4)
  A centaur skeleton (D:3)
  2 electric eels (Lair:1)
  3 orc priests (D:8)
  5 orc wizards
  2 big fish (Lair:1)
  A black bear skeleton (D:8)
  5 iguanas
  An orange rat (D:7)
  12 worker ants
  An ogre zombie (D:7)
  A sheep (Lair:1)
  Ijyb (D:4)
  2 ogre skeletons
  11 adders
  5 green rats
  5 giant mites
  An inept feature mimic (D:4)
  3 worms
  7 giant geckos
  2 oozes
  28 orcs
  A bat skeleton (D:5)
  4 giant cockroaches
  9 goblins
  14 hobgoblins
  15 jackals
  10 kobolds
  5 quokkas
  10 bats
  A giant cockroach zombie (D:3)
  A giant gecko skeleton (D:7)
  4 giant newts
  A goblin zombie (D:5)
  A hobgoblin zombie (D:3)
  A kobold skeleton (D:3)
  3 orc zombies
  A quokka zombie (D:5)
  29 rats
  A rat skeleton (D:6)
288 creatures vanquished.

Vanquished Creatures (others)
  2 plants (D:8)
2 creatures vanquished.

Grand Total: 290 creatures vanquished

Notes
Turn   | Place    | Note
--------------------------------------------------------------
     0 | D:1      | HollowCharge, the Tengu Air Elementalist, began the quest for the Orb.
     0 | D:1      | Reached XP level 1. HP: 10/10 MP: 3/3
   422 | D:1      | Reached XP level 2. HP: 15/15 MP: 0/5
  1199 | D:1      | Reached XP level 3. HP: 19/19 MP: 5/7
  1354 | D:2      | Learned a level 2 spell: Swiftness
  2101 | D:2      | Reached XP level 4. HP: 17/24 MP: 0/9
  2724 | D:3      | Noticed Sigmund
  2789 | D:3      | Learned a level 2 spell: Repel Missiles
  2875 | D:3      | Found a white marble altar of Elyvilon.
  2937 | D:3      | Reached skill level 5 in Air Magic
  3490 | D:4      | Reached XP level 5. HP: 23/28 MP: 7/13
  3491 | D:4      | Found Taureag's Assorted Antiques.
  3497 | D:4      | Bought a scroll of identify for 40 gold pieces
  3497 | D:4      | Bought a scroll labeled EMPITAVOMI {tried on wand of lightning} for 20 gold pieces
  3563 | D:4      | Learned a level 5 spell: Lightning Bolt
  3872 | D:4      | Noticed Ijyb
  3894 | D:4      | Killed Ijyb
  3894 | D:4      | Reached XP level 6. HP: 26/32 MP: 0/15
  4060 | D:4      | Noticed a phantom
  4083 | D:4      | Reached skill level 5 in Conjurations
  4316 | D:4      | Killed a phantom
  4316 | D:4      | Reached skill level 6 in Air Magic
  4505 | D:4      | Noticed Crazy Yiuf
  4564 | D:5      | Entered Level 5 of the Dungeon
  4574 | D:5      | Found Umuzuumm's General Store.
  4574 | D:5      | Found Magguad's Magic Scroll Shop.
  4592 | D:5      | Bought a scroll of remove curse for 33 gold pieces
  4592 | D:5      | Bought a scroll of identify for 22 gold pieces
  4599 | D:5      | Bought a scroll of identify for 22 gold pieces
  4599 | D:5      | Bought a scroll of identify for 22 gold pieces
  4613 | D:5      | Noticed Yuof's ghost (experienced FoDK)
  4842 | D:3      | Killed Sigmund
  4842 | D:3      | Reached XP level 7. HP: 25/36 MP: 3/17
  4975 | D:4      | Killed Crazy Yiuf
  5199 | D:5      | Found a deep blue altar of Sif Muna.
  5435 | D:5      | Found Tiucaif's Armour Shop.
  5440 | D:5      | Found Mnemmox's Assorted Antiques.
  5525 | D:5      | Reached skill level 7 in Conjurations
  5647 | D:5      | Found Vyath's Antique Weapon Shoppe.
  5816 | D:5      | Bought a scroll of identify for 22 gold pieces
  5967 | D:5      | Noticed Grinder
  5974 | D:5      | Killed Grinder
  5974 | D:5      | Reached skill level 8 in Conjurations
  5974 | D:5      | Reached XP level 8. HP: 38/41 MP: 1/21
  6189 | D:5      | Killed Yuof's ghost
  6189 | D:5      | Reached skill level 5 in Spellcasting
  6328 | D:5      | Found a staircase to the Ecumenical Temple.
  6343 | Temple   | Entered the Ecumenical Temple
  6347 | Temple   | Became a worshipper of Vehumet
  6849 | D:5      | Reached skill level 9 in Conjurations
  6933 | D:5      | Reached XP level 9. HP: 36/45 MP: 1/23
  7061 | D:6      | Noticed Eustachio
  7255 | D:6      | Killed Eustachio
  7402 | D:6      | Noticed Prince Ribbit
  7402 | D:6      | Acquired Vehumet's first power
  7402 | D:6      | Offered knowledge of Freeze by Vehumet.
  7404 | D:6      | Killed Prince Ribbit
  7493 | D:6      | Noticed stickyfingers' ghost (experienced FoFi)
  7937 | D:7      | Reached skill level 5 in Dodging
  8392 | D:7      | Offered knowledge of Sting by Vehumet.
  8676 | D:7      | Reached skill level 10 in Conjurations
  8851 | D:7      | Learned a level 3 spell: Flight
  8872 | D:7      | Reached skill level 1 in Fighting
  9197 | D:7      | Found a shadowy altar of Dithmenos.
  9306 | D:7      | Learned a level 1 spell: Sting
  9330 | D:7      | Reached skill level 10 in Air Magic
  9345 | D:7      | Reached XP level 10. HP: 39/53 MP: 23/25
  9523 | D:8      | Found a glowing golden altar of the Shining One.
  9617 | D:8      | Offered knowledge of Mephitic Cloud by Vehumet.
  9622 | D:8      | Learned a level 3 spell: Mephitic Cloud
 10232 | D:8      | Noticed Duvessa
 10234 | D:8      | Noticed Dowan
 10386 | D:8      | Found a staircase to the Lair.
 10421 | D:8      | Killed Duvessa
 10445 | D:8      | Killed Dowan
 10625 | D:8      | Acquired Vehumet's second power
 10728 | D:8      | Learned a level 6 spell: Bolt of Fire
 10789 | D:8      | Reached skill level 1 in Fire Magic
 11283 | D:8      | Noticed Erolcha
 11554 | Lair:1   | Entered Level 1 of the Lair of Beasts
 11919 | Lair:1   | Noticed a death yak
 12226 | Lair:1   | Offered knowledge of Sticky Flame by Vehumet.
 12895 | Lair:1   | Reached skill level 5 in Fire Magic
 12935 | Lair:1   | Killed a death yak
 12935 | Lair:1   | Reached skill level 5 in Fighting
 12935 | Lair:1   | Reached XP level 11. HP: 62/64 MP: 5/29
 13629 | Lair:1   | Acquired Vehumet's third power
 14448 | Lair:2   | Offered knowledge of Conjure Flame by Vehumet.
 14460 | Lair:2   | Reached skill level 11 in Conjurations
 14482 | Lair:2   | HP: 3/64 [spiny frog (22)]
 14482 | Lair:2   | Mangled by a spiny frog

Action                   |  1- 3 |  4- 6 |  7- 9 | 10-12 || total
-------------------------+-------+-------+-------+-------++-------
Melee: Unarmed           |     1 |       |       |       ||     1
       Dagger            |    42 |     9 |       |       ||    51
       Quarterstaff      |       |       |    54 |    36 ||    90
 Cast: Shock             |    70 |   127 |   224 |   178 ||   599
       Repel Missiles    |       |     1 |       |       ||     1
       Swiftness         |       |     1 |     2 |       ||     3
       Lightning Bolt    |       |       |    48 |    82 ||   130
       Sting             |       |       |     5 |    20 ||    25
       Mephitic Cloud    |       |       |       |     7 ||     7
       Flight            |       |       |       |     2 ||     2
       Bolt of Fire      |       |       |       |     1 ||     1
Evoke: Wand              |       |     4 |    16 |    14 ||    34
  Use: Scroll            |     8 |    15 |     8 |     5 ||    36
       Potion            |       |     3 |     1 |       ||     4
 Stab: Distracted        |     1 |       |       |       ||     1
       Invisible         |       |     1 |       |       ||     1
       Sleeping          |       |       |     1 |       ||     1
